 Dungeon Crawl Stone Soup version 0.19-a0-1292-g796ee4d (webtiles) character file.

1946 4thArraOfDagon the Grappler (level 8, -4/83 HPs)
             Began as a Troll Gladiator on Aug 30, 2016.
             Was a Follower of Cheibriados.
             Slain by an orc
             ... wielding a +0 trident
              (6 damage)
             ... on level 8 of the Dungeon.
             The game lasted 00:05:54 (1260 turns).

4thArraOfDagon the Grappler (Troll Gladiator)       Turns: 1260, Time: 00:05:55

Health: -4/83      AC:  9    Str: 27      XL:     8   Next: 98%
Magic:  7/7        EV:  6    Int:  9      God:    Cheibriados [*.....]
Gold:   144        SH:  0    Dex:  6 (13) Spells: 0 memorised, 7 levels left

rFire  . . .     SeeInvis .       - Unarmed
rCold  . . .     Gourm    +     p - +2 robe {MR+}
rNeg   . . .     Faith    .     (no shield)
rPois  .         Spirit   .     b - +0 hat
rElec  .         Dismiss  .     (no cloak)
rCorr  +         Reflect  .     (gloves unavailable)
MR     +....     Harm     .     (boots unavailable)
Stlth  +.........               (no amulet)
                                o - -4 ring of evasion
                                q - ring of resist corrosion

@: very slow
A: unfitting armour, claws 3, thin metallic scales 1, blink, fast metabolism 3,
gourmand, regeneration 1, shaggy fur 1, tough skin 2
a: Blink, Bend Time, Renounce Religion


You were on level 8 of the Dungeon.
You worshipped Cheibriados.
Cheibriados was aware of your devotion.
You were very full.

You visited 1 branch of the dungeon, and saw 7 of its levels.

You collected 144 gold pieces.

Inventory:

Missiles
 c - 3 throwing nets (quivered)
Armour
 a - a +0 robe
 b - a +0 hat (worn)
 p - a +2 robe of magic resistance (worn)
Jewellery
 j - an uncursed ring of see invisible
 o - a -4 ring of evasion (right claw)
 q - a ring of resist corrosion (left claw)
Wands
 g - a wand of digging (18/24)
Scrolls
 f - a scroll of magic mapping {unknown}
 h - 4 scrolls of identify
 i - 2 scrolls of recharging
 k - a scroll of enchant armour {unknown}
 l - a scroll of noise
 m - 2 scrolls of remove curse
 n - 2 scrolls of enchant weapon {unknown}
 r - a scroll of fog {unknown}
 s - a scroll of vulnerability {unknown}
Comestibles
 d - 3 bread rations


   Skills:
 + Level 5.7 Fighting
 - Level 1.7 Throwing
 + Level 2.7 Dodging
 * Level 9.9 Unarmed Combat
 + Level 0.5 Invocations


You had 7 spell levels left.
You didn't know any spells.

Dungeon Overview and Level Annotations

Branches:
Dungeon (8/15)
 Temple: D:4-7         Lair: D:8-11

Altars:
Cheibriados
Vehumet
Yredelemnul

Annotations:
D:7 Joseph


Innate Abilities, Weirdness & Mutations

You are too large for most types of armour.
You have claws for hands.
Your metabolism is lightning-fast.
You like to eat raw meat.
Your natural rate of healing is unusually fast.
You are covered in fur. (AC +1)
You have very tough skin. (AC +2)
You are partially covered in thin metallic scales. (AC +2)
You can translocate small distances at will.


Message History

As you read the scroll labeled BOCVUM PIROD, it crumbles to dust.
It is a scroll of identify.
l - a scroll of noise The wolf bites you.
* * * LOW HITPOINT WARNING * * *
The orc hits you but does no damage.
The shadow imp hits you but does no damage.
The orc hits you but does no damage. The wolf bites you.
* * * LOW HITPOINT WARNING * * *
Unknown command.
You aren't carrying any potions.
As you read the scroll labeled BOIGAZ XESUA, it crumbles to dust.
You feel as if something is helping you.
It was a scroll of remove curse.
The wolf bites you!
* * * LOW HITPOINT WARNING * * *
The orc hits you.
* * * LOW HITPOINT WARNING * * *
The shadow imp barely misses you.
The orc hits you from afar with a trident.
You die... . ###. .. .... #. ...## ##.. #Y.... .... #h...hH #.o########......h #ao@hhhhh#hh..h..

##5#####hhh..)$h.
#.# ###.......
..# ....... #..
....... #.#
#...... ...
#..... .# ##...
...


You could see 4 wolves, a hound, a worker ant, a shadow imp, 2 orcs and 3
jackals.

Vanquished Creatures
  The ghost of jacquesderrida the Slasher, a novice VSWn (D:7)
  A human (D:7)
  4 hogs (D:7)
  A sky beast (D:7)
  An ice beast (D:6)
  A necrophage (D:7)
  A phantom (D:7)
  A crocodile (D:7)
  A giant frog (D:6)
  2 crimson imps
  A quasit (D:8)
  A centaur skeleton (D:6)
  A jelly (D:7)
  An orc priest (D:7)
  A hound (D:6)
  4 orc wizards
  2 iguanas
  A worker ant (D:6)
  A worker ant zombie (D:7)
  An adder (D:7)
  A dart slug (D:1)
  A giant gecko (D:2)
  11 orcs
  2 bats (D:3)
  5 giant cockroaches
  2 hobgoblins (D:3)
  3 jackals (D:7)
  3 kobolds
  A quokka (D:6)
  2 giant newts
  5 goblins (D:3)
  3 rats
67 creatures vanquished.

Notes
Turn   | Place    | Note
-------+----------+-------------------------------------------
     0 | D:1      | 4thArraOfDagon the Troll Gladiator began the quest for the Orb.
     0 | D:1      | Reached XP level 1. HP: 19/19 MP: 0/0
   131 | D:2      | Reached XP level 2. HP: 28/28 MP: 1/1
   398 | D:3      | You fall through a shaft for 3 floors!
   433 | D:6      | Found a radiant altar of Vehumet.
   455 | D:6      | Reached skill level 4 in Unarmed Combat
   455 | D:6      | Reached XP level 3. HP: 26/35 MP: 2/2
   458 | D:6      | Reached XP level 4. HP: 35/44 MP: 3/3
   539 | D:6      | Reached skill level 5 in Unarmed Combat
   539 | D:6      | Reached XP level 5. HP: 52/52 MP: 4/4
   556 | D:6      | Noticed an ice beast
   574 | D:6      | Killed an ice beast
   589 | D:6      | Reached skill level 6 in Unarmed Combat
   589 | D:6      | Reached XP level 6. HP: 26/61 MP: 5/5
   612 | D:5      | Entered Level 5 of the Dungeon
   688 | D:7      | Noticed jacquesderrida's ghost (novice VSWn)
   690 | D:7      | Gained mutation: You can translocate small distances at will. [potion of mutation]
   690 | D:7      | Gained mutation: You are partially covered in thin metallic scales. (AC +2) [potion of mutation]
   706 | D:7      | Killed jacquesderrida's ghost
   706 | D:7      | Reached skill level 7 in Unarmed Combat
   706 | D:7      | Reached XP level 7. HP: 48/70 MP: 6/6
   730 | D:6      | Found a snail-covered altar of Cheibriados.
   741 | D:6      | Became a worshipper of Cheibriados the Contemplative
   751 | D:5      | Found a basalt altar of Yredelemnul.
   901 | D:6      | Found a basalt altar of Yredelemnul.
   969 | D:7      | Reached skill level 8 in Unarmed Combat
  1006 | D:7      | Noticed a hog
  1006 | D:7      | Noticed a hog
  1006 | D:7      | Noticed a hog
  1006 | D:7      | Noticed a hog
  1006 | D:7      | Noticed a human
  1030 | D:7      | Killed a hog
  1030 | D:7      | Reached XP level 8. HP: 60/79 MP: 7/7
  1044 | D:7      | Reached skill level 5 in Fighting
  1044 | D:7      | Reached skill level 9 in Unarmed Combat
  1049 | D:7      | Reached * piety under Cheibriados
  1214 | D:7      | Noticed Joseph
  1260 | D:8      | HP: 3/83 [wolf[Grum] (7)]
  1260 | D:8      | Slain by an orc

Vault maps used:
D:1:      minmay_arrival_doors, minmay_misc_feat_enclosed
D:2:      gammafunk_temple_overflow_statue, okawaru_metal_pillars_1_2
D:5:      old_forge, kennysheep_mini, first_bread, basic_altar, serial_shops,
          shop, shop, shop, shop_fountains, shop, kennysheep_generic_room_10,
          uniq_duvessa
D:6:      overflow_temple_1_default, kennysheep_mini_moat,
          yredelemnul_altar_generic
D:7:      grunt_livestock, minmay_misc_feat_alley, uniq_joseph
D:8:      lemuel_crystal_altar, nicolae_qazlal_eye_of_the_storm, uniq_grum,
          uniq_pikel

Skill      XL: |  1  2  3  4  5  6  7  8 |
---------------+-------------------------+-----
Fighting       | 2 3 4 5 |  5.7
Unarmed Combat | 4 5 6 7 8 9 |  9.9
Throwing       | |  1.7
Dodging        | |  2.7
Invocations    | |  0.5

Action                   |  1- 3 |  4- 6 |  7- 9 || total
-------------------------+-------+-------+-------++-------
Melee: Unarmed           |    69 |    43 |   134 ||   246
       Punch             |       |     1 |     2 ||     3
Evoke: Wand              |       |       |     1 ||     1
  Use: Potion            |     1 |     2 |     1 ||     4
       Scroll            |       |       |     3 ||     3
 Stab: Sleeping          |       |     1 |       ||     1
  Eat: Chunk             |     4 |       |    12 ||    16
Armor: Robe              |    36 |    11 |   114 ||   161
Dodge: Dodged            |    46 |    15 |    51 ||   112
